 Dungeon Crawl Stone Soup version 0.21.1-1-g345015fe64 (webtiles) character file.

626321 faabio the End of an Era (level 27, -1/215 HPs)
             Began as a Hill Orc Fighter on June 24, 2018.
             Was the Champion of Qazlal.
             Killed from afar by an orb of fire (17 damage)
             ... with a fireball
             ... on level 5 of the Realm of Zot on June 26, 2018.
             The game lasted 05:10:53 (60650 turns).

faabio the End of an Era (Hill Orc Fighter)        Turns: 60650, Time: 05:10:53

Health: -1/215     AC: 49    Str: 30    XL:     27
Magic:  40/40      EV: 23    Int: 11    God:    Qazlal [******]
Gold:   2362       SH: 30    Dex: 11    Spells: 24/26 levels left

rFire    + + +     SeeInvis .   Y - +9 broad axe (flame)
rCold    + + +     Gourm    .   g - +5 shield {AC+3}
rNeg     + . .     Faith    +   B - +7 gold dragon scales
rPois    +         Spirit   .   k - +2 hat
rElec    +         Reflect  .   w - +2 cloak {MR+}
rCorr    +         Harm     .   K - +2 pair of gloves of the Five Songs {Int+3}
MR       ++++.     Rnd*Rage +   y - +2 pair of boots of the Hart {rN+ Str+7}
Stlth    ..........             a - amulet of faith
HPRegen  0.45/turn              o - ring of Phasing {EV+8}
MPRegen  0.27/turn              O - ring "Gegrat" {rElec rPois rC++ Dex-4 Slay+3}

@: resistant, protected from fire, repel missiles
A: horns 1, repulsion field 1, berserk 1, frail 2, magic resistance 1, screaming
1, weak 2
}: 3/15 runes: serpentine, barnacled, silver
a: Upheaval, Elemental Force, Disaster Area, Renounce Religion


You were on level 5 of the Realm of Zot.
You worshipped Qazlal.
Qazlal was exalted by your worship.
You were not hungry.

You visited 10 branches of the dungeon, and saw 50 of its levels.
You visited the Abyss 1 time.
You also visited: Trove, Ossuary and Volcano.

You collected 6793 gold pieces.
You spent 4431 gold pieces at shops.

Inventory:

Hand Weapons
 Y - a +9 broad axe of flaming (weapon)
Armour
 g - a +5 shield of protection (worn)
 k - a +2 hat (worn)
 w - a +2 cloak of magic resistance (worn)
 y - the +2 pair of boots of the Hart (worn) {rN+ Str+7}
   (You found it in a treasure trove)

   It affects your strength (+7).
   It protects you from negative energy.
 B - +7 gold dragon scales (worn)
 G - the +4 fire dragon scales of Supple Strength {rPois rF++ rC- MR+ Str+3 Dex-4}
   (You found it on level 6 of the Lair of Beasts)

   It affects your strength (+3).
   It affects your dexterity (-4).
   It greatly protects you from fire.
   It makes you vulnerable to cold.
   It protects you from poison.
   It affects your resistance to hostile enchantments.
 K - the +2 pair of gloves of the Five Songs (worn) {Int+3}
   (You found it in a treasure trove)

   It affects your intelligence (+3).
Jewellery
 a - an amulet of faith (around neck)
 o - the ring of Phasing (left hand) {EV+8}
   (You bought it in a shop on level 2 of the Orcish Mines)

   [ring of evasion]

   It affects your evasion (+8).
 I - an uncursed ring of resist corrosion
 L - an uncursed ring of protection from fire {unknown}
 O - the ring "Gegrat" (right hand) {rElec rPois rC++ Dex-4 Slay+3}
   (You bought it in a shop on level 3 of the Snake Pit)

   [ring of poison resistance]

   It affects your dexterity (-4).
   It affects your accuracy and damage with ranged weapons and melee attacks
   (+3).
   It greatly protects you from cold.
   It insulates you from electricity.
   It protects you from poison.
 Q - an uncursed ring of see invisible
 S - the ring of Obsession {+Fly rF+ rC+ rN+ MP+9}
   (You took it off an ironheart preserver on level 5 of the Vaults)

   [ring of protection from cold]

   It protects you from fire.
   It protects you from cold.
   It protects you from negative energy.
   It affects your magic capacity (+9).
   It lets you fly.
 U - a +5 ring of intelligence
 Z - the ring of Omponeusk {*Contam rF++ Dex+3}
   (You took it off a vault warden on level 5 of the Vaults)

   [ring of dexterity]

   It affects your dexterity (+3).
   It greatly protects you from fire.
   It causes magical contamination when unequipped.
Wands
 t - a wand of digging (43)
Scrolls
 b - 8 scrolls of fog
 c - 5 scrolls of vulnerability
 e - a scroll of brand weapon
 h - 8 scrolls of fear
 i - 8 scrolls of immolation
 j - 20 scrolls of teleportation
 l - 6 scrolls of magic mapping
 n - 9 scrolls of identify
 q - 10 scrolls of amnesia
 r - 7 scrolls of blinking
 A - a scroll of enchant weapon
 H - 16 scrolls of remove curse
 J - a scroll of silence
 R - a scroll of enchant armour
 T - 3 scrolls of holy word
Potions
 d - 5 potions of might
 m - 3 potions of resistance
 s - 13 potions of flight
 u - 5 potions of agility
 v - 10 potions of haste
 x - 13 potions of curing
 z - 3 potions of mutation
 C - 5 potions of lignification
 D - 7 potions of berserk rage
 M - 9 potions of brilliance
 N - 3 potions of magic
 W - 3 potions of invisibility
Books
 E - a book of Dreams

   Spells                             Type                      Level
   a - Ensorcelled Hibernation        Hexes/Ice                    2
   b - Borgnjor's Vile Clutch         Necromancy/Earth             5
   c - Silence                        Hexes/Air                    5
   d - Darkness                       Hexes                        6
   e - Shadow Creatures               Summoning                    6
 F - a book of Clouds

   Spells                             Type                      Level
   a - Poisonous Vapours              Poison/Air                   2
   b - Mephitic Cloud                 Conjuration/Poison/Air       3
   c - Conjure Flame                  Conjuration/Fire             3
   d - Freezing Cloud                 Conjuration/Ice/Air          6
   e - Ring of Flames                 Charms/Fire                  7
 P - a book of Battle

   Spells                             Type                      Level
   a - Infusion                       Charms                       1
   b - Shroud of Golubria             Charms/Translocation         2
   c - Song of Slaying                Charms                       2
   d - Spectral Weapon                Hexes/Charms                 3
   e - Regeneration                   Charms/Necromancy            3
Comestibles
 f - 72 rations
 p - 3 chunks of flesh


   Skills:
 + Level 26.1 Fighting
 - Level 17.9(18.0) Axes
   Level 2.5(10.6) Polearms
 + Level 24.3 Armour
 - Level 14.0 Dodging
 - Level 21.0 Shields
 O Level 27 Invocations


You had 24 spell levels left.
You knew the following spells:

 Your Spells              Type           Power        Failure   Level  Hunger
a - Blink                 Tloc           N/A          98%         2    ###....


Dungeon Overview and Level Annotations

Branches:
Dungeon (15/15)            Temple (1/1) D:5            Lair (6/6) D:10
 Shoals (4/4) Lair:2        Snake (4/4) Lair:4        Slime (0/5) Lair:6
    Orc (2/2) D:10            Elf (3/3) Orc:2        Vaults (5/5) D:14
  Crypt (0/3) Vaults:2     Depths (5/5) D:15            Zot (5/5) Depths:5

Altars:
Ashenzari
Cheibriados
Dithmenos
Elyvilon
Fedhas
Gozag
Hepliaklqana
Kikubaaqudgha
Makhleb
Nemelex Xobeh
Okawaru
Qazlal
Ru
Sif Muna
Trog
Uskayaw
Vehumet
Wu Jian
Xom
Yredelemnul
Zin
The Shining One
Beogh

Shops:
Orc:1 *   Orc:2 (?=   Elf:1 (*(::   Elf:2 }   Elf:3 (   Snake:1 }   Snake:3 }=}
Vaults:2 *   Vaults:4 %**[!   Vaults:5 !!%%%???   Depths:5 [

Portals:
Hell: Depths:1 Depths:2 Depths:3 Depths:4 Depths:5
Abyss: Depths:3 Depths:4
Pandemonium: Depths:2 Depths:3 Depths:5
Ziggurat: Depths:3

Annotations:
D:2 exclusion: downstairs
D:3 exclusion: downstairs
Lair:2 exclusion: 2 oklob plants
Elf:2 3 runed doors


Innate Abilities, Weirdness & Mutations

You have a pair of small horns on your head.
You are surrounded by a mild repulsion field. (EV +2)
You tend to lose your temper in combat.
You are very frail. (-20% HP)
You are resistant to hostile enchantments. (MR+)
You occasionally shout uncontrollably at your foes.
You are very weak. (Str -4)


Message History

The orb of fire glows bright magenta.
The fireball explodes!
The fireball engulfs you! You resist.
* * * LOW HITPOINT WARNING * * *
Okay, then.
You feel protected.
You see here quicksilver dragon scales.
You slash the orb of fire! Your headbutt misses the orb of fire.
The orb of fire is lightly damaged.
You closely miss the orb of fire.
The orb of fire is lightly damaged.
The orb of fire glows bright magenta.
The bolt of fire hits you! You resist.
* * * LOW HITPOINT WARNING * * *
You hit the orb of fire but do no damage.
Your headbutt misses the orb of fire.
The orb of fire is lightly damaged.
The orb of fire glows bright magenta.
The fireball explodes!
The fireball engulfs you! You resist.
You feel protected from fire.
You die...

..............#
.............#
............#
▓▓▓##▓▓###.....▓▓
▓...............▓▓
...)..)..)......[▓
........§(.§......▓
........§..§§......
........§.@*.......
.).....§.§..§.....▓
.).)......§)§....▓▓
...........)....▓▓
.................▓
.................
.................
.................
...............


You could see an orb of fire.

Vanquished Creatures
  Mara (Depths:1)
  2 ancient liches
  5 orbs of fire (Zot:5)
  A juggernaut (Depths:4)
  Saint Roka (Vaults:1)
  2 Killer Klowns (Zot:5)
  14 caustic shrikes
  The ghost of Teps the Metallomancer, an adept GrEE of Vehumet (Vaults:3)
  7 golden dragons
  4 electric golems
  Jorgrun (Elf:3)
  6 liches
  14 tentacled monstrosities
  7 Orb Guardians (Zot:5)
  4 quicksilver dragons
  2 titans
  A deep elf master archer (Elf:3)
  A deep elf blademaster (Elf:3)
  The ghost of Gargoyl the Corrupter of Planes, an adept CeAK of Lugonu (Vaults:1)
  2 tentacled starspawn (Abyss:2)
  Polyphemus (Shoals:3)
  7 sphinxes
  7 death cobs
  The ghost of kaisn the Severer, an adept DDFi of Makhleb (Shoals:1)
  13 shadow dragons
  6 tengu reavers
  Donald (Shoals:4)
  10 storm dragons
  7 draconian monks
  Ilsuiw (Shoals:4)
  Roxanne (Shoals:2)
  11 fire giants
  10 deep elf sorcerers
  9 draconian knights
  A ghost moth (Zot:4)
  13 frost giants
  11 nagarajas
  20 vault wardens
  2 iron dragons (Vaults:5)
  3 orc warlords
  3 draconian scorchers
  2 deep elf elementalists
  4 draconian shifters
  2 draconian stormcallers
  19 very ugly things
  The ghost of Lavandula the Severer, a journeyman CeBe of Trog (Snake:1)
  21 stone giants
  5 draconian annihilators
  23 ironheart preservers
  A war gargoyle (Vaults:5)
  2 entropy weavers
  The ghost of Salt the Severer, a journeyman MiBe of Trog (D:13)
  2 vampire knights
  Nessos (Lair:6)
  7 deep elf annihilators (Elf:3)
  8 green draconians
  7 yellow draconians
  8 deep elf demonologists
  The ghost of Kholdaimon the Thaumaturge, a journeyman GnSk of Dithmenos (Lair:5)
  6 red draconians
  9 purple draconians
  8 white draconians
  12 black draconians
  7 spark wasps
  The ghost of martinkus the Fighter, a journeyman GrFi of the Shining One (Lair:1)
  10 deep elf death magi
  2 minotaurs (shapeshifter)
  A crystal guardian (Vaults:3)
  9 merfolk javelineers (Shoals:4)
  9 ettins
  A blizzard demon (Depths:3)
  Snorg (Lair:4)
  14 fire dragons
  3 jiangshi (Depths:2)
  19 yaktaur captains
  11 merfolk impalers
  4 deep elf high priests
  12 ice dragons
  4 hydras
  32 vault guards
  Fannar (Orc:1)
  4 rakshasas
  11 ogre magi
  4 spriggan air magi
  9 great orbs of eyes
  7 catoblepae
  13 naga warriors
  5 merfolk aquamancers
  3 merfolk avatars
  An alligator snapping turtle (Shoals:3)
  2 anacondas (shapeshifter)
  An anaconda (Snake:4)
  7 centaur warriors
  31 two-headed ogres
  A satyr (Shoals:3)
  9 tengu warriors
  A queen ant (Lair:2)
  11 dancing weapons
  9 deep troll shamans
  4 death knights
  4 vampire magi
  2 thrashing horrors (Abyss:2)
  A hell hog (Abyss:2)
  10 death yaks
  12 deep troll earth magi
  3 spriggan berserkers
  7 shock serpents
  An orc high priest (Orc:1)
  21 naga sharpshooters
  13 hell knights
  Nergalle (Orc:1)
  9 deep elf knights
  A spriggan (Depths:1)
  5 iron trolls
  10 skeletal warriors
  3 shadow wraiths
  12 sea snakes
  A sea snake (shapeshifter) (Vaults:5)
  A fire crab (shapeshifter) (Vaults:5)
  3 large abominations (Abyss:2)
  A sixfirhy (Depths:3)
  A spatial maelstrom (Abyss:2)
  2 salamander mystics
  31 deep trolls
  An unseen horror (D:15)
  6 flayed ghosts
  5 glowing orange brains
  17 deep elf archers
  20 orc knights
  A glowing orange brain (shapeshifter) (Depths:4)
  An infernal demonspawn (Depths:3)
  6 necromancers
  5 wizards
  17 ironbrand convokers
  4 wolf spiders
  2 phantasmal warriors
  3 harpies (Vaults:3)
  4 naga ritualists
  A sphinx zombie (D:15)
  An orb spider (shapeshifter) (Vaults:1)
  10 mana vipers
  53 deep elf magi
  2 oklob plants (Shoals:4)
  15 orc sorcerers
  47 ugly things
  A fire giant zombie (D:15)
  12 manticores
  10 cyclopes
  23 slime creatures
  A shining eye (shapeshifter) (Vaults:5)
  17 salamanders
  A manticore (shapeshifter) (Depths:5)
  An elephant (D:10)
  11 fauns
  4 guardian serpents
  24 moths of wrath
  36 black mambas
  A guardian serpent (shapeshifter) (Elf:1)
  5 water nymphs
  2 smoke demons
  A gargoyle (D:11)
  14 merfolk sirens
  2 human skeletons (Vaults:2)
  21 vault sentinels
  Joseph (D:7)
  18 naga magi
  2 black mambas (shapeshifter)
  2 molten gargoyles (Volcano)
  A spiny frog (shapeshifter) (Vaults:4)
  13 spiny frogs
  3 rime drakes
  3 kobold demonologists
  7 freezing wraiths
  47 yaktaurs
  8 komodo dragons
  4 tengu conjurers
  2 queen bees (shapeshifter)
  2 jumping spiders (shapeshifter) (Vaults:3)
  12 trolls
  25 merfolk
  The ghost of Sapher the Ruffian, an amateur TrNe of Cheibriados (D:8)
  A red devil (Depths:3)
  A troll (shapeshifter) (Vaults:2)
  Grinder (D:6)
  6 wind drakes
  A polar bear (shapeshifter) (Depths:1)
  4 polar bears
  A tyrant leech (shapeshifter) (Depths:4)
  4 hornets
  A jumping spider (Vaults:2)
  15 dream sheep
  10 blink frogs
  A hippogriff (shapeshifter) (Depths:1)
  10 hippogriffs
  An ettin zombie (D:15)
  A human simulacrum (Vaults:2)
  A fire dragon zombie (D:15)
  5 air elementals
  5 shadows
  An ettin skeleton (Vaults:2)
  Sigmund (D:4)
  A centaur simulacrum (D:14)
  12 snapping turtles
  A flying skull (Vaults:2)
  6 redbacks
  3 wyverns
  20 water elementals
  A fire bat (shapeshifter) (Vaults:4)
  38 yaks
  4 tarantellas (shapeshifter)
  A vampire (D:15)
  7 wraiths
  A ynoxinul (Depths:3)
  A hog (shapeshifter) (Vaults:5)
  A steam dragon (D:10)
  6 fire bats (Volcano)
  2 fire elementals
  A human (shapeshifter) (Vaults:4)
  2 hungry ghosts
  6 basilisks
  A spatial vortex (Abyss:2)
  21 wargs
  A soldier ant (shapeshifter) (Vaults:2)
  53 nagas
  11 soldier ants
  3 insubstantial wisps (Abyss:2)
  3 hell hounds
  Duvessa (D:4)
  4 acid dragons
  46 orc warriors
  6 water moccasins
  10 porcupines
  5 ice beasts
  A black bear (shapeshifter) (Vaults:4)
  4 sky beasts
  A black bear (D:8)
  An eye of draining (D:12)
  33 ogres
  4 phantoms
  15 wolves
  7 boggarts
  10 crocodiles
  3 small abominations
  16 centaurs
  The ghost of nawrastar the Changer, an amateur OpTm (D:3)
  4 big kobolds
  2 elf zombies (Ossuary)
  An earth elemental (Elf:3)
  Blork the orc (D:4)
  21 bullfrogs
  Dowan (D:4)
  A wyvern skeleton (D:10)
  3 scorpions
  4 killer bees (D:9)
  A killer bee (shapeshifter) (Vaults:1)
  3 wights (D:7)
  An electric eel (Lair:2)
  3 howler monkeys
  3 bullfrog zombies
  5 centaur zombies
  4 hounds
  8 jellies
  6 lava snakes (Volcano)
  6 crimson imps
  34 orc priests
  A human zombie (Ossuary)
  A bullfrog skeleton (D:8)
  An iron imp (Abyss:2)
  Ijyb (D:3)
  7 centaur skeletons
  4 iguanas
  53 orc wizards
  6 hell rats (Lair:5)
  28 worker ants
  4 big kobold zombies (Ossuary)
  2 hound zombies
  A hound skeleton (D:8)
  2 mummies (Ossuary)
  A killer bee simulacrum (D:9)
  8 gnolls
  7 adders
  4 shadow imps
  2 oozes (Lair:6)
  2 adder zombies (Ossuary)
  5 worms
  3 dart slugs
  4 leopard geckos
  134 orcs
  4 giant cockroaches
  4 goblins
  6 hobgoblins
  30 jackals
  5 quokkas
  A ball python (D:2)
  12 bats
  7 frilled lizards
  A goblin zombie (Ossuary)
  9 hobgoblin zombies (Ossuary)
  2 jackal zombies (D:5)
  21 kobolds
  9 kobold zombies (Ossuary)
  7 orc zombies (Ossuary)
  2 rats
  A rat zombie (Ossuary)
  3 crawling corpses (Vaults:5)
  A fungus (Lair:6)
  10 plants
  A starspawn tentacle (Abyss:2)
  A withered plant (D:15)
2329 creatures vanquished.

Vanquished Creatures (others)
  An eldritch tentacle (Shoals:1)
  A storm dragon (Vaults:5)
  A draconian scorcher (Zot:4)
  A merfolk impaler (Shoals:1)
  A merfolk avatar (Shoals:1)
  A wizard (D:3)
  A mana viper (Snake:1)
  A water elemental (Elf:3)
  An orc (Vaults:5)
  14 fungi
  26 plants
  7 starspawn tentacles (Abyss:2)
  A withered plant (D:15)
57 creatures vanquished.

Grand Total: 2386 creatures vanquished

Notes
Turn   | Place    | Note
-------+----------+-------------------------------------------
     0 | D:1      | faabio the Hill Orc Fighter began the quest for the Orb.
     0 | D:1      | Reached XP level 1. HP: 19/19 MP: 1/1
    61 | D:1      | Reached XP level 2. HP: 20/26 MP: 2/2
   463 | D:1      | Reached XP level 3. HP: 31/31 MP: 3/3
   757 | D:2      | Reached skill level 5 in Axes
   984 | D:2      | Found a sparkling altar of Nemelex Xobeh.
  1035 | D:2      | Reached XP level 4. HP: 31/39 MP: 4/4
  1165 | D:2      | Reached XP level 5. HP: 23/45 MP: 5/5
  1832 | D:3      | Found a bloodstained altar of Trog.
  1836 | D:3      | Noticed a wizard
  1843 | D:3      | Killed a wizard
  1891 | D:3      | Noticed Ijyb
  1920 | D:3      | Killed Ijyb
  2167 | D:3      | Noticed an ogre
  2382 | D:3      | Noticed nawrastar's ghost (amateur OpTm)
  2400 | D:3      | Killed nawrastar's ghost
  2400 | D:3      | Reached XP level 6. HP: 46/52 MP: 6/6
  3070 | D:3      | Reached XP level 7. HP: 40/60 MP: 7/7
  3359 | D:4      | Noticed Blork the orc
  3361 | D:4      | Noticed Duvessa
  3362 | D:4      | Noticed Dowan
  3460 | D:4      | Reached skill level 5 in Fighting
  3728 | D:4      | Noticed Sigmund
  4351 | D:4      | Killed Duvessa
  4580 | D:4      | Killed Dowan
  4580 | D:4      | Reached skill level 5 in Armour
  4648 | D:4      | Reached XP level 8. HP: 61/69 MP: 8/8
  4937 | D:4      | Killed Sigmund
  4937 | D:4      | Reached skill level 10 in Axes
  4998 | D:4      | Killed Blork the orc
  5024 | D:4      | Found a white marble altar of Elyvilon.
  5049 | D:5      | Entered Level 5 of the Dungeon
  5100 | D:5      | Found a white marble altar of Elyvilon.
  5218 | D:5      | Found a staircase to the Ecumenical Temple.
  5686 | D:5      | Found a shimmering altar of Xom.
  5777 | Temple   | Entered the Ecumenical Temple
  5839 | Temple   | Became a worshipper of Qazlal Stormbringer
  5939 | D:6      | Noticed Grinder
  5939 | D:6      | Paralysed by Grinder for 2 turns
  5983 | D:6      | Paralysed by Grinder for 3 turns
  5987 | D:6      | Killed Grinder
  5987 | D:6      | Reached XP level 9. HP: 57/78 MP: 9/9
  6131 | D:6      | Found a sand-covered staircase.
  6141 | Ossuary  | Entered an ossuary
  6262 | Ossuary  | Reached * piety under Qazlal
  6873 | D:6      | Found a shattered altar of Ashenzari.
  7027 | D:7      | Noticed Joseph
  7052 | D:7      | Killed Joseph
  7109 | D:7      | Paralysed by a crimson imp for 7 turns
  7183 | D:7      | Found a bloodstained altar of Trog.
  7185 | D:7      | Found a hide-covered altar of Uskayaw.
  7333 | D:7      | Reached ** piety under Qazlal
  7435 | D:7      | Found a glowing silver altar of Zin.
  7558 | D:7      | Reached XP level 10. HP: 85/89 MP: 10/10
  7604 | D:7      | Found a glowing golden altar of the Shining One.
  8151 | D:8      | Noticed a two-headed ogre
  8159 | D:8      | Killed a two-headed ogre
  8159 | D:8      | Reached skill level 5 in Shields
  8206 | D:8      | Noticed Sapher's ghost (amateur TrNe)
  8222 | D:8      | Killed Sapher's ghost
  8529 | D:8      | Reached *** piety under Qazlal
  8570 | D:8      | Found a hazy altar of Hepliaklqana.
  8605 | D:8      | Found a deep blue altar of Sif Muna.
  8605 | D:8      | Found a sacrificial altar of Ru.
  8625 | D:8      | Found a snail-covered altar of Cheibriados.
  9060 | D:9      | Found a burning altar of Makhleb.
  9250 | D:9      | Reached skill level 1 in Invocations
  9805 | D:9      | Reached skill level 2 in Invocations
 10232 | D:10     | Entered Level 10 of the Dungeon
 10232 | D:10     | Found a staircase to the Orcish Mines.
 10291 | D:10     | Noticed a two-headed ogre
 10520 | D:10     | Reached skill level 3 in Invocations
 10544 | D:10     | Reached XP level 11. HP: 83/97 MP: 13/13
 10635 | D:10     | Reached skill level 4 in Invocations
 10794 | D:10     | Killed a two-headed ogre
 10794 | D:10     | Reached skill level 10 in Fighting
 10806 | D:10     | Found a staircase to the Lair.
 10847 | D:10     | Found a roughly hewn altar of Beogh.
 11126 | D:11     | Reached skill level 5 in Invocations
 11361 | D:11     | Noticed a cyclops
 11365 | D:11     | Killed a cyclops
 11711 | D:11     | Noticed a two-headed ogre
 11722 | D:11     | Killed a two-headed ogre
 11729 | D:11     | Reached skill level 6 in Invocations
 12296 | Lair:1   | Entered Level 1 of the Lair of Beasts
 12359 | Lair:1   | Noticed martinkus's ghost (journeyman GrFi)
 12373 | Lair:1   | Killed martinkus's ghost
 12373 | Lair:1   | Reached skill level 15 in Axes
 12566 | Lair:1   | Reached skill level 7 in Invocations
 12637 | Lair:1   | Reached XP level 12. HP: 76/110 MP: 17/17
 12897 | Lair:1   | Reached skill level 1 in Polearms
 12990 | Lair:1   | Reached skill level 8 in Invocations
 13478 | Lair:2   | Noticed a seven-headed hydra
 13487 | Lair:2   | Killed a seven-headed hydra
 13563 | Lair:2   | Noticed an eight-headed hydra
 13654 | Lair:1   | Killed an eight-headed hydra
 14269 | Lair:2   | Noticed a queen ant
 14301 | Lair:2   | Killed a queen ant
 14301 | Lair:2   | Reached skill level 9 in Invocations
 14859 | Lair:2   | Found a staircase to the Shoals.
 15482 | Lair:3   | Reached skill level 10 in Shields
 15543 | Lair:3   | Reached XP level 13. HP: 119/119 MP: 20/20
 15876 | Lair:4   | Reached skill level 10 in Invocations
 16051 | Lair:4   | Noticed Snorg
 16067 | Lair:4   | Killed Snorg
 16078 | Lair:4   | Reached **** piety under Qazlal
 16623 | Lair:4   | Found a staircase to the Snake Pit.
 17045 | Lair:4   | Identified a scroll of acquirement
 17046 | Lair:4   | Got a crude helmet
 17057 | Lair:4   | Identified the +2 helmet "Wephumn" {*Corrode rN+ Regen+ Int+8} (You acquired it on level 4 of the Lair of Beasts)
 17157 | Lair:5   | Reached ***** piety under Qazlal
 17203 | Lair:5   | Reached skill level 11 in Invocations
 17542 | Lair:5   | Noticed Kholdaimon's ghost (journeyman GnSk)
 17567 | Lair:5   | Killed Kholdaimon's ghost
 17567 | Lair:5   | Reached skill level 10 in Armour
 17880 | Lair:6   | Entered Level 6 of the Lair of Beasts
 17958 | Lair:6   | Found a staircase to the Slime Pits.
 18027 | Lair:6   | Reached XP level 14. HP: 93/129 MP: 22/22
 18263 | Lair:6   | Noticed Nessos
 18275 | Lair:6   | Killed Nessos
 18695 | Lair:6   | Reached skill level 12 in Invocations
 19459 | Lair:6   | Got scorched fire dragon scales
 19465 | Lair:6   | Got a scintillating silver amulet
 19483 | Lair:6   | Identified the +4 fire dragon scales of Supple Strength {rPois rF++ rC- MR+ Str+3 Dex-4} (You found it on level 6 of the Lair of Beasts)
 19897 | Lair:6   | Identified the amulet of Owof Zag {RegenMP +Blink rC+ Str+7 Dex-2} (You found it on level 6 of the Lair of Beasts)
 20588 | D:13     | Noticed Salt's ghost (journeyman MiBe)
 20606 | D:13     | Killed Salt's ghost
 20959 | D:13     | Paralysed by a hornet for 2 turns
 22018 | D:14     | Reached XP level 15. HP: 122/139 MP: 24/24
 22158 | D:14     | Reached skill level 13 in Invocations
 22171 | D:14     | Found a shimmering altar of Xom.
 22173 | D:14     | Found a shimmering altar of Xom.
 22174 | D:14     | Found a shimmering altar of Xom.
 22185 | D:14     | Found a shimmering altar of Xom.
 22187 | D:14     | Found a shimmering altar of Xom.
 22188 | D:14     | Found a shimmering altar of Xom.
 22622 | D:14     | Found a gate to the Vaults.
 22816 | D:15     | Entered Level 15 of the Dungeon
 22868 | D:15     | Reached ****** piety under Qazlal
 23633 | D:15     | Reached skill level 15 in Fighting
 23780 | D:15     | Found a staircase to the Depths.
 24117 | D:15     | Got a glittering bronze ring
 24577 | D:15     | Identified the ring of Tofeatez {rElec rC+ Dex+2} (You found it on level 15 of the Dungeon)
 24679 | Orc:1    | Entered Level 1 of the Orcish Mines
 24693 | Orc:1    | Noticed an orc warlord
 24713 | Orc:1    | Noticed Nergalle
 24714 | Orc:1    | Killed an orc warlord
 24714 | Orc:1    | Reached skill level 14 in Invocations
 24720 | Orc:1    | Killed Nergalle
 24762 | Orc:1    | Found a dark tunnel.
 24803 | Volcano  | Entered a volcano
 24973 | Volcano  | Found a burning altar of Makhleb.
 25140 | Orc:1    | Noticed Fannar
 25158 | Orc:1    | Killed Fannar
 25245 | Orc:1    | Found a roughly hewn altar of Beogh.
 25432 | Orc:1    | Found Piukho Ahij's Assorted Antiques.
 25580 | Orc:2    | Entered Level 2 of the Orcish Mines
 25611 | Orc:2    | Noticed an orc warlord
 25622 | Orc:2    | Killed an orc warlord
 25672 | Orc:2    | Reached XP level 16. HP: 114/149 MP: 26/26
 25933 | Orc:2    | Paralysed by an orc sorcerer for 7 turns
 26335 | Orc:2    | Found a roughly hewn altar of Beogh.
 26517 | Orc:2    | Found a staircase to the Elven Halls.
 26563 | Orc:2    | Found a roughly hewn altar of Beogh.
 26626 | Orc:2    | Found Goagosut's Magic Scroll Shop.
 26626 | Orc:2    | Found Nymesmiu's Jewellery Shoppe.
 26631 | Orc:2    | Bought a scroll of enchant weapon for 97 gold pieces
 26674 | Orc:2    | Found Eshrifut's Antique Weapon Shop.
 26674 | Orc:2    | Found Veriy's Book Shoppe.
 26894 | Orc:2    | Bought the ring of Phasing {EV+8} for 1664 gold pieces
 26894 | Orc:2    | Found the ring of Phasing {EV+8}
 26979 | Shoals:1 | Entered Level 1 of the Shoals
 27051 | Shoals:1 | Noticed kaisn's ghost (adept DDFi)
 27091 | Shoals:1 | Killed kaisn's ghost
 27091 | Shoals:1 | Reached skill level 1 in Dodging
 27420 | Snake:1  | Entered Level 1 of the Snake Pit
 27482 | Snake:1  | Reached skill level 15 in Invocations
 27900 | Snake:1  | Found Qaab's Gadget Shoppe.
 28109 | Snake:1  | Noticed Lavandula's ghost (journeyman CeBe)
 28134 | Snake:1  | Killed Lavandula's ghost
 29391 | Snake:2  | Reached skill level 5 in Dodging
 29494 | Snake:2  | Reached XP level 17. HP: 117/159 MP: 28/28
 30715 | Snake:3  | Found Fodah's Gadget Shoppe.
 30715 | Snake:3  | Found Pucvoudi's Jewellery Boutique.
 30717 | Snake:3  | Found Xicir's Gadget Shoppe.
 31071 | Snake:4  | Entered Level 4 of the Snake Pit
 32181 | Snake:4  | Reached skill level 15 in Shields
 32700 | Snake:4  | Reached XP level 18. HP: 125/169 MP: 23/29
 33206 | Snake:4  | Got a serpentine rune of Zot
 33516 | Snake:3  | Bought the ring "Gegrat" {rElec rPois rC++ Dex-4 Slay+3} for 891 gold pieces
 34217 | Shoals:1 | Found a transporter.
 34296 | Shoals:1 | Found a transporter.
 34381 | Shoals:1 | Gained mutation: You are clumsy. (Dex -2) [mutagenic glow]
 34395 | Shoals:1 | Reached skill level 16 in Invocations
 34405 | Shoals:1 | Lost mutation: You are clumsy. (Dex -2) [potion of mutation]
 34405 | Shoals:1 | Gained mutation: You occasionally shout uncontrollably at your foes. [potion of mutation]
 34405 | Shoals:1 | Gained mutation: You have sharp fingernails. [potion of mutation]
 34410 | Shoals:1 | Gained mutation: You have a pair of small horns on your head. [mutagenic glow]
 34413 | Shoals:1 | Got a smoking turquoise ring
 34434 | Shoals:1 | Got a heavily runed ivory ring
 34637 | Shoals:1 | Got an ancient ring mail
 34638 | Shoals:1 | Identified the +3 ring mail of the Present {Regen+ rCorr Int-4 Slay+2} (You found it on level 1 of the Shoals)
 34644 | Shoals:1 | Identified the ring of the Death Scarab {Int+2 Stlth-} (You found it on level 1 of the Shoals)
 34645 | Shoals:1 | Identified the ring of Gyonec {rF+ MR- Str+4 Int+3 Stlth+} (You found it on level 1 of the Shoals)
 34948 | Shoals:2 | Got a spiked ring mail
 34962 | Shoals:2 | Identified the cursed +0 ring mail "Comar" {rElec rN+ MR-} (You found it on level 2 of the Shoals)
 35110 | Shoals:2 | Learned a level 2 spell: Blink
 35313 | Shoals:2 | Noticed Roxanne
 35336 | Shoals:2 | Killed Roxanne
 36430 | Shoals:4 | Entered Level 4 of the Shoals
 36430 | Shoals:4 | Noticed Donald
 36445 | Shoals:4 | Noticed Polyphemus
 36446 | Shoals:4 | Reached skill level 15 in Armour
 36453 | Shoals:4 | Killed Donald
 36733 | Shoals:3 | Killed Polyphemus
 36826 | Shoals:4 | Noticed Ilsuiw
 36849 | Shoals:4 | Killed Ilsuiw
 37554 | Shoals:4 | Reached skill level 10 in Dodging
 37595 | Shoals:4 | Reached XP level 19. HP: 85/179 MP: 31/31
 38042 | Shoals:4 | Got a barnacled rune of Zot
 38453 | Shoals:4 | Reached skill level 17 in Invocations
 38631 | Shoals:4 | Lost mutation: You occasionally shout uncontrollably at your foes. [potion of mutation]
 38631 | Shoals:4 | Gained mutation: You are agile. (Dex +2) [potion of mutation]
 38632 | Shoals:4 | Lost mutation: You are agile. (Dex +2) [potion of mutation]
 38632 | Shoals:4 | Lost mutation: You have a pair of small horns on your head. [potion of mutation]
 38632 | Shoals:4 | Gained mutation: You have a pair of small horns on your head. [potion of mutation]
 38632 | Shoals:4 | Gained mutation: You are surrounded by a mild repulsion field. (EV +2) [potion of mutation]
 38632 | Shoals:4 | Gained mutation: You have a pair of horns on your head. [potion of mutation]
 38632 | Shoals:4 | Gained mutation: You possess an exceptional clarity of mind. [potion of mutation]
 38775 | Elf:1    | Entered Level 1 of the Elven Halls
 38826 | Elf:1    | Found Adepuyhy's Book Shop.
 38940 | Elf:1    | Found Xiwi's Antique Weapon Boutique.
 39289 | Elf:1    | Found Gonikap's Book Emporium.
 39340 | Elf:1    | Found Omeufach's General Store.
 39376 | Elf:1    | Found Duiz's Weapon Emporium.
 39708 | Elf:2    | Found a runed gate.
 39708 | Elf:2    | Found a runed gate.
 39708 | Elf:2    | Found a runed gate.
 39888 | Elf:2    | Found Goecem's Gadget Shoppe.
 40021 | Elf:3    | Entered Level 3 of the Elven Halls
 40036 | Elf:3    | Noticed Jorgrun
 40110 | Elf:3    | Cast into level 2 of the Abyss (a deep elf sorcerer)
 40282 | Elf:3    | Escaped the Abyss
 40287 | Elf:3    | Killed Jorgrun
 40435 | Elf:3    | Found Zuodonwu's Weapon Emporium.
 40448 | Elf:3    | Identified the amulet "Osott" {Harm *Drain Str+6 Int-2 Dex+8 Slay+2} (You took it off a deep elf archer on level 3 of the Elven Halls)
 41049 | Elf:3    | Reached XP level 20. HP: 164/189 MP: 32/32
 41094 | Elf:3    | Reached skill level 18 in Invocations
 41633 | Elf:3    | Got a sparkling platinum ring
 41654 | Elf:3    | Noticed a Brimstone Fiend
 41761 | Elf:3    | Found the +2 pair of boots of the Assassin {Detection Stab+ Stlth++}
 41772 | Elf:3    | Identified the ring "Woigani" {+Fly rPois} (You took it off a deep elf mage on level 3 of the Elven Halls)
 41933 | Elf:3    | Identified Nummorou's Volume of Torrid Battle Magic
 42566 | Vaults:1 | Entered Level 1 of the Vaults
 42682 | Vaults:1 | Noticed Gargoyl's ghost (adept CeAK)
 42725 | Vaults:1 | Killed Gargoyl's ghost
 42835 | Vaults:1 | Reached skill level 19 in Invocations
 42992 | Vaults:1 | Reached XP level 21. HP: 168/200 MP: 34/34
 43179 | Vaults:1 | Noticed Saint Roka
 43197 | Vaults:1 | Killed Saint Roka
 44185 | Vaults:2 | Found Woynorimp's General Store.
 44419 | Vaults:2 | Reached skill level 20 in Invocations
 44903 | Vaults:2 | Found a staircase to the Crypt.
 45047 | Vaults:2 | Reached XP level 22. HP: 204/211 MP: 36/36
 45591 | Vaults:3 | Noticed Teps's ghost (adept GrEE)
 45621 | Vaults:3 | Killed Teps's ghost
 45871 | Vaults:3 | Found the +0 pair of fencer's gloves {+Riposte Dex+3}
 46994 | Vaults:4 | Found Son Tikecve's General Store.
 47085 | Vaults:4 | Found Ettih's Armour Shoppe.
 47236 | Vaults:4 | Reached skill level 21 in Invocations
 47434 | Vaults:4 | Found Ywkaro Gait's Distillery.
 47561 | Vaults:4 | Found Cesaf's Food Boutique.
 47629 | Vaults:4 | Found Ceor Ama's Assorted Antiques.
 48088 | Vaults:4 | Got a crude plate armour
 48099 | Vaults:4 | Identified the +8 plate armour of Omission {rC+} (You found it on level 4 of the Vaults)
 48314 | Vaults:5 | Entered Level 5 of the Vaults
 48316 | Vaults:5 | Reached XP level 23. HP: 221/221 MP: 37/37
 48730 | Vaults:5 | Noticed an ancient lich
 48748 | Vaults:5 | Killed an ancient lich
 49447 | Vaults:5 | Found Afuasser's Magic Scroll Emporium.
 49451 | Vaults:5 | Bought a scroll of enchant armour for 90 gold pieces
 49451 | Vaults:5 | Bought a scroll of enchant armour for 90 gold pieces
 49472 | Vaults:5 | Reached skill level 22 in Invocations
 49480 | Vaults:5 | Found Munirunk's Magic Scroll Shoppe.
 49481 | Vaults:5 | Got a silver rune of Zot
 49489 | Vaults:5 | Bought a scroll of enchant weapon for 97 gold pieces
 49681 | Vaults:5 | Reached XP level 24. HP: 193/231 MP: 38/38
 49756 | Vaults:5 | Got a crude amber ring
 49853 | Vaults:5 | Got a smoking silver ring
 49859 | Vaults:5 | Identified the ring of Omponeusk {*Contam rF++ Dex+3} (You took it off a vault warden on level 5 of the Vaults)
 49861 | Vaults:5 | Identified the ring of Obsession {+Fly rF+ rC+ rN+ MP+9} (You took it off an ironheart preserver on level 5 of the Vaults)
 50093 | Vaults:5 | Identified The Compendium of Greatest Risks and Utility
 50141 | Vaults:5 | Found Piveq's Food Shoppe.
 50142 | Vaults:5 | Found Avamoq's Distillery.
 50165 | Vaults:5 | Found Taqipp's Distillery.
 50179 | Vaults:5 | Found Visuthraff's Food Boutique.
 50187 | Vaults:5 | Found Bise's Food Shoppe.
 50190 | Vaults:5 | Found Xeurak's Magic Scroll Shop.
 50198 | Vaults:5 | Bought a scroll of enchant armour for 172 gold pieces
 50517 | Depths:1 | Entered Level 1 of the Depths
 50628 | Depths:1 | Noticed Mara
 50649 | Depths:1 | Noticed faabio's illusion
 50661 | Depths:1 | Killed Mara
 51004 | Depths:1 | Found a gateway to Hell.
 51771 | Depths:2 | Found a one-way gate leading to the halls of Pandemonium.
 51892 | Depths:2 | Noticed a caustic shrike
 51908 | Depths:2 | Killed a caustic shrike
 52276 | Depths:3 | Reached skill level 23 in Invocations
 52383 | Depths:3 | Reached XP level 25. HP: 197/238 MP: 38/38
 52415 | Depths:3 | Found a portal to a secret trove of treasure.
 52641 | Vaults:5 | Bought 2 potions of heal wounds for 160 gold pieces
 52641 | Vaults:5 | Bought a potion of mutation for 128 gold pieces
 52655 | Vaults:5 | Bought a potion of haste for 130 gold pieces
 52655 | Vaults:5 | Bought a potion of heal wounds for 65 gold pieces
 52701 | Vaults:4 | Bought a potion of haste for 130 gold pieces
 52738 | Vaults:4 | Bought a potion of haste for 180 gold pieces
 52738 | Vaults:4 | Bought a potion of haste for 180 gold pieces
 52965 | Elf:1    | Bought a potion of heal wounds for 70 gold pieces
 53260 | Depths:3 | Found a gateway to a ziggurat.
 53312 | Depths:3 | You paid a toll of 12 potions of heal wounds to enter a treasure trove
 53313 | Trove    | Entered a treasure trove
 53316 | Trove    | Found the +3 crown of Dyrovepreva {rElec Int+2 SInv}
 53320 | Trove    | Got an ichor-stained cloak
 53331 | Trove    | Identified the +0 cloak of Gozag's Righteous Fury {rN+ Str+2 Int-4} (You found it in a treasure trove)
 53354 | Trove    | Got a fine ring mail
 53365 | Trove    | Identified the +3 ring mail of the Wheelwright {rElec MR++} (You found it in a treasure trove)
 53381 | Trove    | Got a pair of steaming boots
 53383 | Trove    | Got a heavily runed shield
 53385 | Trove    | Got a pair of dazzling boots
 53417 | Trove    | Identified the +0 pair of boots "Wuhubeb" {rPois MR- Str+4 Dex+8} (You found it in a treasure trove)
 53427 | Trove    | Identified the +2 pair of boots of the Hart {rN+ Str+7} (You found it in a treasure trove)
 53438 | Trove    | Got a pair of heavily runed gloves
 53449 | Trove    | Identified the +2 pair of gloves of the Five Songs {Int+3} (You found it in a treasure trove)
 53509 | Depths:3 | Identified the -5 shield "Awuut" {rC- rN++ MP+9 Int+3} (You found it in a treasure trove)
 54403 | Depths:3 | Found a one-way gate to the infinite horrors of the Abyss.
 55181 | Depths:4 | Noticed a juggernaut
 55190 | Depths:4 | Killed a juggernaut
 55317 | Depths:4 | Reached skill level 24 in Invocations
 55640 | Depths:4 | Reached XP level 26. HP: 196/250 MP: 39/39
 56383 | Depths:5 | Entered Level 5 of the Depths
 56486 | Depths:5 | Found Zyfulul's Antique Armour Boutique.
 56502 | Depths:5 | Bought a glowing hat for 287 gold pieces
 56959 | Depths:5 | Lost mutation: You have a pair of horns on your head. [potion of mutation]
 56959 | Depths:5 | Lost mutation: You have sharp fingernails. [potion of mutation]
 56959 | Depths:5 | Lost mutation: You possess an exceptional clarity of mind. [potion of mutation]
 56959 | Depths:5 | Gained mutation: Your mind is acute. (Int +2) [potion of mutation]
 56959 | Depths:5 | Gained mutation: You are resistant to electric shocks. (rElec) [potion of mutation]
 56959 | Depths:5 | Lost mutation: You are resistant to electric shocks. (rElec) [potion of mutation]
 56959 | Depths:5 | Gained mutation: You are resistant to hostile enchantments. (MR+) [potion of mutation]
 57123 | Depths:5 | Found a gate to the Realm of Zot.
 57461 | Zot:1    | Entered Level 1 of the Realm of Zot
 58131 | Zot:2    | Reached skill level 25 in Invocations
 58221 | Zot:2    | Reached XP level 27. HP: 233/261 MP: 39/39
 59854 | Zot:4    | Reached skill level 26 in Invocations
 60276 | Zot:5    | Entered Level 5 of the Realm of Zot
 60528 | Zot:5    | Noticed an ancient lich
 60528 | Zot:5    | Noticed an orb of fire
 60529 | Zot:5    | Noticed an orb of fire
 60529 | Zot:5    | Killed an ancient lich
 60529 | Zot:5    | Lost mutation: Your mind is acute. (Int +2) [an orb of fire]
 60530 | Zot:5    | Noticed an orb of fire
 60532 | Zot:5    | Noticed an orb of fire
 60533 | Zot:5    | Killed an orb of fire
 60536 | Zot:5    | Noticed an orb of fire
 60541 | Zot:5    | Killed an orb of fire
 60543 | Zot:5    | Killed an orb of fire
 60547 | Zot:5    | Reached skill level 27 in Invocations
 60549 | Zot:5    | Gained mutation: You are weak. (Str -2) [an orb of fire]
 60551 | Zot:5    | Gained mutation: You occasionally shout uncontrollably at your foes. [an orb of fire]
 60551 | Zot:5    | Gained mutation: You tend to lose your temper in combat. [an orb of fire]
 60557 | Zot:5    | Gained mutation: You are frail. (-10% HP) [an orb of fire]
 60557 | Zot:5    | Gained mutation: You are very frail. (-20% HP) [an orb of fire]
 60561 | Zot:5    | Killed an orb of fire
 60561 | Zot:5    | Gained mutation: You are very weak. (Str -4) [an orb of fire]
 60566 | Zot:5    | Killed an orb of fire
 60644 | Zot:5    | Noticed an orb of fire
 60650 | Zot:5    | Killed from afar by an orb of fire

Skill      XL: |  1  2  3  4  5  6  7  8  9 10 11 12 13 14 15 16 17 18 19 20 21 22 23 24 25 26 27 |
---------------+----------------------------------------------------------------------------------+-----
Axes           | 3 4 6 7 8 9 11 13 14 15 16 17 | 17.9
Fighting       | 4 5 6 8 9 11 12 13 14 15 16 17 18 19 20 21 22 23 24 26 | 26.1
Armour         | 4 5 6 7 8 9 10 11 12 13 14 15 16 17 18 19 20 21 22 24 | 24.3
Shields        | 4 6 8 10 11 12 13 14 15 16 17 18 19 20 21 | 21.0
Invocations    | 3 7 9 11 12 14 15 16 17 19 20 21 22 23 24 25 27 | 27.0
Polearms       | 2 |  2.5
Dodging        | 5 8 10 11 12 13 14 | 14.0

Action                   |  1- 3 |  4- 6 |  7- 9 | 10-12 | 13-15 | 16-18 | 19-21 | 22-24 | 25-27 || total
-------------------------+-------+-------+-------+-------+-------+-------+-------+-------+-------++-------
Melee: War axe           |   140 |   184 |   457 |   773 |       |       |       |       |       ||  1554
       Broad axe         |       |       |       |    16 |  1111 |  1326 |  1065 |  1048 |  1072 ||  5638
       Trident           |       |       |       |    10 |       |       |       |       |       ||    10
       Headbutt          |       |       |       |       |       |    49 |   184 |   268 |   320 ||   821
Throw: Javelin           |       |       |       |     2 |       |       |       |       |       ||     2
Invok: Upheaval          |       |       |       |    15 |     6 |    24 |     2 |     2 |     3 ||    52
       Disaster Area     |       |       |       |       |     6 |     4 |     5 |     6 |     5 ||    26
Evoke: Wand              |       |       |       |       |       |       |       |       |     1 ||     1
  Use: Scroll            |       |     5 |    13 |     4 |    12 |     8 |    10 |     7 |    20 ||    79
       Potion            |       |       |       |     3 |     1 |     4 |     2 |     2 |     6 ||    18
 Stab: Invisible         |       |       |       |     6 |       |       |       |       |       ||     6
       Distracted        |       |       |       |       |     1 |       |       |     1 |       ||     2
  Eat: Chunk             |     1 |     6 |    12 |    23 |    29 |    23 |    22 |    21 |    20 ||   157
       Ration            |       |       |     1 |     2 |     1 |     5 |     1 |     1 |     2 ||    13
Armor: Scale mail        |    84 |    70 |     6 |       |       |       |       |       |       ||   160
       Ring mail         |       |       |     7 |       |       |       |       |       |       ||     7
       Chain mail        |       |       |    35 |       |   167 |       |       |       |       ||   202
       Plate armour      |       |       |   121 |    70 |       |       |       |       |       ||   191
       Swamp dragon scal |       |       |       |    72 |     2 |       |       |       |       ||    74
       Fire dragon scale |       |       |       |       |    32 |   169 |   139 |   146 |    81 ||   567
       Gold dragon scale |       |       |       |       |       |       |       |       |   178 ||   178
Dodge: Dodged            |    66 |    60 |    75 |   133 |   122 |   313 |   258 |   304 |   403 ||  1734
       Deflected         |       |       |       |     1 |     8 |    71 |    30 |    20 |    30 ||   160
Block: Shield            |    87 |   108 |    48 |   381 |   729 |   890 |       |       |  1117 ||  3360
       Buckler           |       |       |    87 |    76 |       |       |       |       |       ||   163
       Large shield      |       |       |       |       |       |   440 |  1104 |  1102 |    14 ||  2660
       Rpst.: Broad axe  |       |       |       |       |       |       |       |    26 |       ||    26
